 Dungeon Crawl Stone Soup version 0.25-a0-1137-g7f6bfe4 (webtiles) character file.

Game seed: 5972924681864561590, levelgen mode: deterministic

114 Ayyar the Ducker (level 4, -1/35 HPs)
             Began as a Demonspawn Gladiator on May 23, 2020.
             Slain by a leopard gecko (3 damage)
             ... on level 3 of the Dungeon.
             The game lasted 00:06:42 (1707 turns).

Ayyar the Ducker (Demonspawn Gladiator)             Turns: 1707, Time: 00:06:42

Health: -1/35      AC:  9    Str: 15    XL:     4   Next: 67%
Magic:  4/4        EV: 11    Int:  9    God:
Gold:   41         SH:  0    Dex: 17    Spells: 3/3 levels left

rFire    . . .     SeeInvis .   a - +0 war axe
rCold    . . .     Gourm    .   (no shield)
rNeg     . . .     Faith    .   c - +0 scale mail
rPois    .         Spirit   .   g - +2 helmet
rElec    .         Reflect  .   (no cloak)
rCorr    .         Harm     .   (no gloves)
MR       .....                  (no boots)
Stlth    +.........             (no amulet)
HPRegen  0.11/turn              (no ring)
MPRegen  0.09/turn              (no ring)

@: no status effects
A: claws 1, thin skeletal structure 1
a: no special abilities


You were on level 3 of the Dungeon.
You were not hungry.

You visited 1 branch of the dungeon, and saw 3 of its levels.

You collected 41 gold pieces.

Inventory:

Hand Weapons
 a - a +0 war axe (weapon)
Missiles
 d - 3 throwing nets (quivered)
 q - 4 curare-tipped darts
Armour
 c - a +0 scale mail (worn)
 g - a +2 helmet (worn)
Scrolls
 e - 2 scrolls of identify {unknown}
 h - a scroll of fear {unknown}
 i - a scroll of blinking {unknown}
 j - a scroll of immolation {unknown}
 n - a scroll of remove curse {unknown}
Potions
 k - a potion of magic {unknown}
 l - a potion of curing {unknown}
 m - a potion of haste {unknown}
 o - a potion of mutation {unknown}
 p - a potion of heal wounds {unknown}
Comestibles
 b - 8 chunks of flesh
 f - 3 rations


   Skills:
 + Level 3.0 Fighting
 + Level 3.3 Axes
 + Level 2.7 Throwing
 + Level 3.4 Dodging


You had 3 spell levels left.
You didn't know any spells.
Your spell library was empty.

Dungeon Overview and Level Annotations

Branches:
Dungeon (3/15)

Altars:


Innate Abilities, Weirdness & Mutations

You have sharp fingernails.
You have a somewhat thin skeletal structure. (Dex +2, Stealth)


Message History

The leopard gecko misses you.
The kobold shouts!
You hit the leopard gecko.
The leopard gecko is moderately wounded.
The leopard gecko misses you. The leopard gecko closely misses you.
You closely miss the leopard gecko.
The leopard gecko is moderately wounded.
The leopard gecko bites you but does no damage.
The leopard gecko barely misses you.
You miss the leopard gecko.
The leopard gecko is moderately wounded.
The leopard gecko bites you but does no damage.
You hit the leopard gecko.
The leopard gecko is heavily wounded.
The leopard gecko bites you but does no damage. x2
You miss the leopard gecko.
The leopard gecko is heavily wounded.
You hit the kobold. The leopard gecko barely misses you. The kobold misses you.
The leopard gecko bites you.
You die...

#.# #.#..##.#.....
. #.#.....#...# ..
#.#.#...#...# ...
#.#.#.......###...
#.#...............
........##.#.##..
...........$.#
#.####..##l).# #.
...h.##%@.#
......#.K.# .....
#...# . ....#
#...## #...# #...#
+.>..


You could see a leopard gecko and a kobold.

Vanquished Creatures
  4 gnolls (D:3)
  2 worms (D:2)
  6 dart slugs
  4 leopard geckos
  3 orcs (D:3)
  A ball python (D:2)
  3 bats (D:2)
  3 goblins
  4 hobgoblins
  8 jackals
  3 frilled lizards
  3 kobolds
  5 rats
49 creatures vanquished.

Notes
Turn   | Place    | Note
-------+----------+-------------------------------------------
     0 | D:1      | Ayyar the Demonspawn Gladiator began the quest for the Orb.
     0 | D:1      | Reached XP level 1. HP: 16/16 MP: 1/1
   160 | D:1      | Gained mutation: You have a somewhat thin skeletal
                  | structure. (Dex +2, Stealth) [demonic ancestry]
   160 | D:1      | Reached XP level 2. HP: 22/22 MP: 2/2
   539 | D:2      | Reached XP level 3. HP: 28/28 MP: 3/3
  1582 | D:3      | Gained mutation: You have sharp fingernails. [demonic
                  | ancestry]
  1582 | D:3      | Reached XP level 4. HP: 29/34 MP: 4/4
  1695 | D:3      | HP: 1/35 [leopard gecko (4)]
  1701 | D:3      | HP: 1/35 [leopard gecko (1)]
  1707 | D:3      | Slain by a leopard gecko

Illustrated notes

Levels and vault maps discovered:
D:1:      sevenhm_arrival_forest_fort_small_3, layout_basic
D:2:      layout_basic, first_ration
D:3:      layout_basic, old_standard_altar, saegor_snake_ambush

Skill      XL: |  1  2  3  4 |
---------------+-------------+-----
Throwing       | 2 |  2.7
Axes           | 3 |  3.3
Dodging        | 3 |  3.4
Fighting       | 3 |  3.0

Action                   |  1- 3 |  4- 6 || total
-------------------------+-------+-------++-------
Melee: War axe           |   125 |    34 ||   159
 Stab: Sleeping          |    10 |       ||    10
  Eat: Chunk             |     2 |     1 ||     3
Armor: Leather armour    |    45 |       ||    45
       Scale mail        |     5 |    24 ||    29
Dodge: Dodged            |    82 |    37 ||   119

Table legend:
 A = Non-vault XP
 B = Vault XP
 C = Vault XP percentage of total XP
 D = Non-vault monster count
 E = Vault monster count
 F = Vault count percentage of total count
                 A         B        C        D         E       F
            +---------+---------+-------+---------+---------+-------
      Total |     164 |       0 |   0.0 |      49 |       0 |   0.0
            +---------+---------+-------+---------+---------+-------
        D:1 |      27 |       0 |   0.0 |      11 |       0 |   0.0
        D:2 |      65 |       0 |   0.0 |      29 |       0 |   0.0
        D:3 |      72 |       0 |   0.0 |       9 |       0 |   0.0
            +---------+---------+-------+---------+---------+-------
